[ AOE2 MATCH · #498102935 ]
UnrankedBurgundians vs Khmer
[ REPLAY ANALYSIS · EXTRACTED FROM THE RECORDED GAME ]
Feudal
—
Castle
—
Imperial
—
| APM avg | 104.2 |
| APM peak | 38 |
| eAPM avg | 38.4 |
| Villagers / military | 4 / 0 |
Focus
⚔️ 0.0% · 🌾 100.0%
Feudal
—
Castle
—
Imperial
—
| APM avg | 65.8 |
| APM peak | 24 |
| eAPM avg | 35.6 |
| Villagers / military | 3 / 0 |
Focus
⚔️ 0.0% · 🌾 100.0%
Feudal
—
Castle
—
Imperial
—
| APM avg | 19.2 |
| APM peak | 7 |
| eAPM avg | 19.2 |
| Villagers / military | 0 / 0 |
Feudal
—
Castle
—
Imperial
—
| APM avg | 112.4 |
| APM peak | 41 |
| eAPM avg | 57.6 |
| Villagers / military | 4 / 0 |
Focus
⚔️ 29.4% · 🌾 70.6%
Feudal
—
Castle
—
Imperial
—
| APM avg | 54.8 |
| APM peak | 20 |
| eAPM avg | 19.2 |
| Villagers / military | 1 / 0 |
Focus
⚔️ 0.0% · 🌾 100.0%
Feudal
—
Castle
—
Imperial
—
| APM avg | 65.8 |
| APM peak | 24 |
| eAPM avg | 27.4 |
| Villagers / military | 2 / 0 |
Focus
⚔️ 0.0% · 🌾 100.0%
Match map
Initial resources + every placement click. Lines = walls · curves = elevation contours. ◆ gold · ⬟ stone · ● berries · ✦ relic · ◌ wall gap
Your base
GAX | Mr.P's base
WitchenCats's base
Shulk's base
一剑扫秋风nelson's base
TAG_Sitaux's base
Smoothed initial terrain · ◌ = detected wall gap · hover for details
Inputs per minute
— Margougou - - GAX | Mr.P
Build order — Margougou
6 actions detected in the replay
| 0:00 | Queue | Villager (Male) |
| 0:01 | Queue | Villager (Male) |
| 0:01 | Queue | Villager (Male) |
| 0:02 | Build | House |
| 0:03 | Build | House |
| 0:05 | Queue | Villager (Male) |
Build order — GAX | Mr.P
5 actions detected in the replay
| 0:01 | Queue | Villager (Male) |
| 0:01 | Queue | Villager (Male) |
| 0:03 | Build | House |
| 0:04 | Build | House |
| 0:10 | Queue | Villager (Male) |
Build order — WitchenCats
0 actions detected in the replay
Build order — Shulk
6 actions detected in the replay
| 0:01 | Queue | Villager (Male) |
| 0:01 | Queue | Villager (Male) |
| 0:02 | Queue | Villager (Male) |
| 0:02 | Queue | Villager (Male) |
| 0:03 | Build | House |
| 0:03 | Build | House |
Build order — 一剑扫秋风nelson
3 actions detected in the replay
| 0:01 | Queue | Villager (Male) |
| 0:03 | Build | House |
| 0:04 | Build | House |
Build order — TAG_Sitaux
4 actions detected in the replay
| 0:01 | Queue | Villager (Male) |
| 0:01 | Queue | Villager (Male) |
| 0:02 | Build | House |
| 0:03 | Build | House |
Match timeline
| 0:10 | WitchenCats · resign |
[ AI ANALYSIS · 1 CREDIT ]
What really happened in this match?
Wolo.gg analyzes every decision: build order, eco, micro, common mistakes by bracket. Personalized analysis on WhatsApp or Discord in 30 seconds.
Civ guide
Burgundians
Perfil
Jugador #579679